 Dungeon Crawl Stone Soup version 0.22.1-1-ga44c0e56f4 (webtiles) character file.

4 Gargoyl the Skirmisher (level 1, -3/19 HPs)
             Began as a Centaur Abyssal Knight on Oct 27, 2018.
             Was an Initiate of Lugonu.
             Killed by a magical explosion (15 damage)
             ... on level 1 of the Dungeon.
             The game lasted 00:01:28 (230 turns).

Gargoyl the Skirmisher (Centaur Abyssal Knight)      Turns: 230, Time: 00:01:28

Health: -3/19      AC:  5    Str: 18    XL:     1   Next: 58%
Magic:  2/2        EV:  9    Int: 13    God:    Lugonu [......]
Gold:   128        SH:  0    Dex:  8    Spells: 0/0 levels left

rFire    . . .     SeeInvis .   f - +3 great sword
rCold    + . .     Gourm    .   (shield currently unavailable)
rNeg     . . .     Faith    .   b - +0 leather armour
rPois    .         Spirit   .   (no helmet)
rElec    .         Reflect  .   (no cloak)
rCorr    .         Harm     .   (no gloves)
MR       .....     Rnd*Tele +   (no barding)
Stlth    ..........             (no amulet)
HPRegen  0.06/turn              i - ring "Wuidat" {rC+ Str+4 Int+2 Slay+3}
MPRegen  0.08/turn              h - +1 ring of protection

@: heavily contaminated, glowing, very quick
A: large, hooves 3, deformed body, speed 2, teleportitis 1, tough skin 3
a: Renounce Religion


You were on level 1 of the Dungeon.
You worshipped Lugonu.
Lugonu was noncommittal.
You were not hungry.

You visited 1 branch of the dungeon, and saw 1 of its levels.
You visited the Abyss 1 time.

You collected 128 gold pieces.

Inventory:

Hand Weapons
 a - a +1 hand axe
 f - a +3 great sword (weapon)
Armour
 b - a +0 leather armour (worn)
Jewellery
 h - a +1 ring of protection (right hand)
 i - the ring "Wuidat" (left hand) {rC+ Str+4 Int+2 Slay+3}
   (You found it on level 2 of the Abyss)

   [ring of strength]

   It affects your strength (+4).
   It affects your intelligence (+2).
   It affects your accuracy and damage with ranged weapons and melee attacks
   (+3).
   It protects you from cold.
Potions
 d - a potion of might {unknown}
 e - a potion of lignification {unknown}
 g - a potion of haste {unknown}
Comestibles
 c - 3 rations


   Skills:
 + Level 3.0 Fighting
 + Level 1.7 Axes
 * Level 1.5 Armour
 + Level 0.6 Dodging
 * Level 2.4 Invocations


You couldn't memorise any spells.
You didn't know any spells.
Your spell library was empty.

Dungeon Overview and Level Annotations

Branches:
Dungeon (1/15)

Altars:


Innate Abilities, Weirdness & Mutations

You have hooves in place of feet.
Armour fits poorly on your strangely shaped body.
You cover ground very quickly.
You have extremely tough skin. (AC +3)
You are occasionally teleported next to monsters.


Message History

Found a stone staircase leading down.
The goblin shouts!
You hit the leopard gecko.
You kill the leopard gecko!
Lugonu accepts your kill. The goblin hits you.
You miss the goblin. Your kick misses the goblin. The goblin hits you.
The goblin hits you but does no damage.
You completely miss the goblin. Your kick misses the goblin.
The goblin hits you.
You closely miss the goblin. The goblin hits you. The goblin barely misses you.
You hit the goblin. You kick the goblin.
You kill the goblin!
Lugonu accepts your kill.
You see here a goblin corpse.
You start resting.
Your body shudders with the violent release of wild energies!
The magical storm engulfs you!
Ouch! That really hurt!
You die...

.. ####
.>.#######.....
......#........
.......@#########
.#####....#.....#
#......###.#
#....### #.#
#....# #.# ######
#.# ##.# #
###..#.# #......#


There were no monsters in sight!

Vanquished Creatures
  A leopard gecko (D:1)
  A goblin (D:1)
  A hobgoblin (D:1)
3 creatures vanquished.

Notes
Turn   | Place    | Note
-------+----------+-------------------------------------------
     0 | Abyss:1  | Gargoyl the Centaur Abyssal Knight began the quest for the
                  | Orb.
     0 | Abyss:1  | Reached XP level 1. HP: 19/19 MP: 2/2
   117 | Abyss:2  | Got a heavily runed turquoise ring
   121 | Abyss:2  | Identified the ring "Wuidat" {rC+ Str+4 Int+2 Slay+3} (You
                  | found it on level 2 of the Abyss)
   178 | Abyss:2  | Noticed a frost giant simulacrum
   178 | Abyss:2  | Gained mutation: You are occasionally teleported next to
                  | monsters. [mutagenic glow]
   181 | D:1      | Escaped the Abyss
   230 | D:1      | Killed by a magical explosion

Action                   || total
-------------------------++-------
Melee: Great sword       ||     6
       Kick              ||     2
Invok: Depart the Abyss  ||     1
Armor: Leather armour    ||     1
Dodge: Dodged            ||     2
       Rpst.: Great sword ||     1
